 Dungeon Crawl Stone Soup version 0.30-a0-696-g2367cd04db (webtiles) character file.

Game seed: 4844622358950247269

452 Darius099 the Covered (level 7, -1/44 HPs)
             Began as a Gargoyle Fighter on Jan 21, 2023.
             Slain by an ogre
             ... wielding a +0 giant club
              (23 damage)
             ... on level 4 of the Dungeon.
             The game lasted 00:04:13 (3022 turns).

Darius099 the Covered (Gargoyle Fighter)            Turns: 3022, Time: 00:04:13

Health: -1/44      AC: 17    Str: 19    XL:     7   Next: 4%
Magic:  7/7        EV:  5    Int:  9    God:
Gold:   271        SH:  5    Dex: 11    Spells: 6/6 levels left

rFire   . . .      SeeInvis .    q - +2 whip (elec)
rCold   . . .      Faith    .    c - +0 buckler
rNeg    + . .      Spirit   .    m - +0 plate armour
rPois   ∞          Reflect  .    (no helmet)
rElec   +          Harm     .    (no cloak)
rCorr   .          Rampage  .    (no gloves)
Will    .....                    (no boots) Stlth
                                 (no amulet)
HPRegen 0.27/turn                (no ring)
MPRegen 0.10/turn                (no ring)

@: no status effects
A: sickness immunity, AC +4, negative energy resistance 1, electricity
resistance, torment resistance 1, petrification resistance
a: no special abilities


You were on level 4 of the Dungeon.
You visited 1 branch of the dungeon, and saw 4 of its levels.

You collected 271 gold pieces.

Inventory:

Hand Weapons
 q - a +2 whip of electrocution (weapon)
Armour
 c - a +0 buckler (worn)
 m - a +0 plate armour (worn)
Scrolls
 b - 2 scrolls of fear {unknown}
 f - a scroll of identify {unknown}
 g - a scroll of enchant weapon
 l - 3 scrolls of enchant armour {unknown}
 n - a scroll of poison {unknown}
 o - a scroll of teleportation {unknown}
Potions
 d - 2 potions of might
 e - 4 potions of curing {unknown}
 h - a potion of cancellation {unknown}
 i - a potion of flight {unknown}
 j - a potion of mutation {unknown}
 k - a potion of brilliance {unknown}
 p - a potion of haste {unknown}


   Skills:
 + Level 5.1 Fighting
 + Level 3.9 Maces & Flails
 + Level 5.1 Armour
 + Level 5.0 Shields


You had 6 spell levels left.
You didn't know any spells.
Your spell library contained the following spells:

 Spells                   Type           Power      Damage    Failure   Level
 Ozocubu's Armour         Ice            0%         N/A       100%        3
 Vhi's Electric Charge    Tloc/Air       0%         N/A       100%        3
 Arcjolt                  Conj/Air       0%         1d10      100%        5
 Metabolic Englaciation   Hex/Ice        0%         N/A       100%        5
 Simulacrum               Ice/Necr       0%         N/A       100%        6
 Maxwell's Capacitive Co  Air            0%         ∞         100%        8


Dungeon Overview and Level Annotations

Branches:
Dungeon (4/15)
 Temple: D:4-7

Altars:
Dithmenos
Hepliaklqana
Kikubaaqudgha
Qazlal
Trog
Uskayaw
Xom


Innate Abilities, Weirdness & Mutations

You are immune to sickness and miasma.
Your stone body is resilient. (AC +4)
You are immune to poison.
You resist negative energy. (rN+)
You are resistant to electric shocks. (rElec)
You are resistant to unholy torment.
You are immune to petrification.


Message History

No target in view!
You now have 271 gold pieces (gained 11).
Things that are here:
a +0 dagger; a kobold corpse A necrophage comes into view.
A necrophage is nearby!
An ogre comes into view. It is wielding a +0 giant club.
The ogre shouts!
Found a dagger.
The necrophage closely misses you.
You hit the necrophage.
Lightning courses through the necrophage!!
The necrophage is almost destroyed.
The necrophage hits you.
You closely miss the necrophage.
The necrophage is severely damaged.
The ogre hits you with a +0 giant club.
The necrophage hits you but does no damage.
You barely miss the necrophage.
The necrophage is severely damaged.
The necrophage hits you but does no damage.
The ogre completely misses you.
You whack the necrophage!
You destroy the necrophage!
Your Armour skill increases to level 5!
Your Shields skill increases to level 5!
You have reached level 7!
You hit the ogre.
The ogre is lightly wounded.
The ogre hits you with a +0 giant club.
You hit the ogre.
The ogre is moderately wounded.
You hit the ogre. Lightning courses through the ogre!!
The ogre is almost dead.
The ogre hits you with a +0 giant club!
You barely miss the ogre.
The ogre is almost dead.
The ogre hits you with a +0 giant club!!
Ouch! That really hurt!
You die...

#.# #.##### ....
#)# #.####......
....
#.#####.........##
.....
#.##.......#.#####
.....
#.##.#####.#.).###
......#.##.#
#.#..#.##
.....#.##.#
#.#.###.#
#.O....#####..##
##. ###@.........#
##
#......#########.
. #####... .#
#..... .# ##...##
.# ##.## ## ###


You could see an ogre.

Vanquished Creatures
  Sigmund (D:2)
  A necrophage (D:4)
  A howler monkey (D:4)
  2 iguanas (D:4)
  A gnoll (D:4)
  5 adders
  A worm (D:4)
  3 dart slugs
  3 orcs
  8 ball pythons
  5 bats
  5 endoplasms
  3 giant cockroaches
  5 goblins
  11 hobgoblins
  5 kobolds
  2 quokkas
  A frilled lizard (D:3)
  4 rats
67 creatures vanquished.

Notes
Turn   | Place    | Note
-------+----------+-------------------------------------------
     0 | D:1      | Darius099 the Gargoyle Fighter began the quest for the Orb.
     0 | D:1      | Reached XP level 1. HP: 14/14 MP: 1/1
   135 | D:1      | Reached XP level 2. HP: 19/19 MP: 2/2
   135 | D:1      | You fall into a shaft and drop 1 floor!
   510 | D:1      | Reached XP level 3. HP: 23/23 MP: 3/3
   517 | D:1      | Found a faded altar of an unknown god.
  1477 | D:2      | Noticed Sigmund
  1491 | D:2      | Killed Sigmund
  1492 | D:2      | Reached XP level 4. HP: 3/30 MP: 4/4
  1492 | D:2      | Reached XP level 5. HP: 3/34 MP: 5/5
  1893 | D:3      | Found an ancient bone altar of Kikubaaqudgha.
  1959 | D:3      | Reached XP level 6. HP: 39/39 MP: 6/6
  2010 | D:3      | Found a shadowy altar of Dithmenos.
  2069 | D:3      | Found a shimmering altar of Xom.
  2200 | D:3      | Found a hide-covered altar of Uskayaw.
  2223 | D:3      | Found a stormy altar of Qazlal.
  2318 | D:3      | Found a hazy altar of Hepliaklqana.
  2565 | D:4      | Found a bloodstained altar of Trog.
  2992 | D:4      | Reached skill level 5 in Fighting
  3019 | D:4      | Reached skill level 5 in Armour
  3019 | D:4      | Reached skill level 5 in Shields
  3019 | D:4      | Reached XP level 7. HP: 42/44 MP: 7/7
  3022 | D:4      | Slain by an ogre

Illustrated notes

Levels and vault maps discovered:
D:1:      dpeg_arrival_arbitrary_a, layout_loops_ring,
          shapermc_ecumenical_altar_hornbeckon, corexii_item_surrounded_by_moat
D:2:      layout_loops_corners, uniq_sigmund
D:3:      layout_basic, mainiacjoe_overflow_chevrons,
          mainiacjoe_overflow_surrounded_room, lemuel_crystal_altar,
          nicolae_uskayaw_suspiria, tgw_xom,
          nicolae_dithmenos_through_a_glass_darkly
D:4:      layout_loops_ring, mainiacjoe_overflow_tiny_flanked, minmay_circle_x,
          uniq_eustachio

Skill      XL: |  1  2  3  4  5  6 |
---------------+-------------------+-----
Fighting       | 4 5 |  5.1
Maces & Flails | 3 |  3.9
Armour         | 4 5 |  5.1
Shields        | 4 5 |  5.0

Action                   |  1- 3 |  4- 6 |  7- 9 || total
-------------------------+-------+-------+-------++-------
Melee: Flail             |    81 |   132 |       ||   213
       Whip              |       |    20 |     4 ||    24
  Use: Scroll            |     4 |       |       ||     4
Armor: Scale mail        |    35 |       |       ||    35
       Plate armour      |    12 |   172 |       ||   184
Dodge: Dodged            |    24 |    46 |       ||    70
Block: Buckler           |    17 |    53 |       ||    70

Table legend: (Time is in decaauts)
 A = Elapsed time spent in this place.
 B = Non-inter-level travel time spent in this place.
 C = Inter-level travel time spent in this place.
 D = Time resting spent in this place.
 E = Time spent auto-exploring this place.
 F = Levels seen in this place.
 G = Mean time per level.
                   A        B        C        D        E       F      G
               +--------+--------+--------+--------+--------+-----+--------+
         Total |   3085 |   2896 |    189 |    178 |   2023 |   4 |  771.2 |
       Dungeon |   3085 |   2896 |    189 |    178 |   2023 |   4 |  771.2 |
               +--------+--------+--------+--------+--------+-----+--------+

Top non-repeatable levels by time:
     D:2: 974 daAuts
     D:1: 902 daAuts
     D:3: 739 daAuts
     D:4: 469 daAuts
